 Dungeon Crawl Stone Soup version 0.23-a0-726-g9fa1570 (webtiles) character file.

5984 Inarius the Gouger (level 10, -1/49 HPs)
             Began as a Felid Berserker on Jan 16, 2019.
             Was a High Priest of Trog.
             Slain by a troll (13 damage)
             ... on level 11 of the Dungeon.
             The game lasted 00:23:25 (12293 turns).

Inarius the Gouger (Felid Berserker)               Turns: 12293, Time: 00:23:25

Health: -1/49      AC:  2    Str: 16    XL:     10   Next: 55%
Magic:  14/14      EV: 25    Int:  9    God:    Trog [*****.]
Gold:   732        SH:  0    Dex: 18    Spells: 9/9 levels left
                                        Lives:  0   Deaths: 3

rFire    . . .     SeeInvis +     - Unarmed
rCold    . . .     Gourm    .   (shield unavailable)
rNeg     + + .     Faith    .   (armour unavailable)
rPois    +         Spirit   .   (helmet unavailable)
rElec    .         Reflect  .   (cloak unavailable)
rCorr    .         Harm     .   (gloves unavailable)
MR       +++..                  (boots unavailable)
Stlth    +++++.....             (no amulet)
HPRegen  1.16/turn              g - ring of positive energy
MPRegen  0.14/turn              r - ring of positive energy

@: regenerating, quick
A: very small, no armour, no weapons or thrown items, stealth, claws 1, fangs 3,
see invisible, agile 1, carnivore, speed 1, poison resistance, shaggy fur 2,
slow metabolism 1, sharp paws
a: Berserk, Trog's Hand, Brothers in Arms, Renounce Religion


You were on level 11 of the Dungeon.
You worshipped Trog.
Trog was extremely pleased with you.
You were completely stuffed.

You visited 1 branch of the dungeon, and saw 11 of its levels.
You also visited: Bailey.

You collected 1096 gold pieces.
You spent 364 gold pieces at shops.

Inventory:

Jewellery
 c - an uncursed ring of resist corrosion
 g - a ring of positive energy (left paw)
 h - a +4 ring of evasion
 r - a ring of positive energy (right paw)
 z - a +2 ring of evasion
 I - an uncursed ring of fire
Wands
 d - a wand of paralysis (1)
 m - a wand of enslavement (11)
 D - a wand of disintegration (7)
 E - a wand of flame (13)
 G - a wand of digging (2)
Scrolls
 e - a scroll of magic mapping
 j - a scroll of identify
 k - a scroll of remove curse
 l - 3 scrolls of enchant weapon {unknown}
 n - 8 scrolls of teleportation
 p - 2 scrolls of enchant armour {unknown}
 s - 3 scrolls of fear
 u - a scroll of fog {unknown}
 w - 3 scrolls of amnesia {unknown}
 y - a scroll of summoning {unknown}
 A - a scroll of holy word {unknown}
 F - a scroll of blinking {unknown}
Potions
 b - a potion of berserk rage
 f - 2 potions of curing
 i - a potion of cancellation {unknown}
 o - 2 potions of brilliance
 q - a potion of lignification
 t - a potion of heal wounds
 v - 2 potions of agility
 B - 2 potions of degeneration {unknown}
 C - a potion of haste
Comestibles
 a - 20 rations
 x - 9 chunks of flesh


   Skills:
 * Level 8.5 Fighting
 + Level 9.1 Dodging
 + Level 11.4 Stealth
 + Level 12.0 Unarmed Combat
 + Level 4.5 Evocations


You had 9 spell levels left.
You didn't know any spells.
Your spell library was empty.

Dungeon Overview and Level Annotations

Branches:
Dungeon (11/15)            Temple (0/1) D:4            Lair (0/6) D:11
    Orc: D:9-12

Altars:
Ashenzari
Cheibriados
Elyvilon
Fedhas
Gozag
Kikubaaqudgha
Makhleb
Nemelex Xobeh
Qazlal
Ru
Trog
Xom
Zin

Shops:
D:8 }

Annotations:
D:7 2 transporters
D:11 1 runed door, exclusion: oklob plant, Calas's ghost, journeyman MiFi


Innate Abilities, Weirdness & Mutations

You cannot wear armour.
You are incapable of wielding weapons or throwing items.
Your paws allow you to move quietly. (Stealth)
You have sharp claws.
You have razor-sharp teeth.
You have supernaturally acute eyesight. (SInv)
You are carnivorous and can eat meat at any time.
You cover ground quickly.
You are covered in thick fur. (AC +2)
You have a slow metabolism.
Your sharp claws are effective at attacking unaware monsters.
You are agile. (Dex +2)
Your system is resistant to poisons. (rPois)


Message History

The troll completely misses you.
Your skin crawls.
You feel resistant to hostile enchantments.
You feel somewhat less full. The troll completely misses you. x2
The troll misses you.
You scratch the troll. You bite the troll.
The troll is lightly wounded.
The troll barely misses you. The troll claws you.
The troll completely misses you.
You scratch the troll. You claw the troll, but do no damage.
The troll is moderately wounded.
The troll misses you. The troll claws you!
* * * LOW HITPOINT WARNING * * *
The troll barely misses you.
You claw the troll!
The troll is heavily wounded.
You claw the troll!
The troll is heavily wounded.
The troll misses you. The troll claws you!
You die...

#. #...# ###.# #...#
...# #...# #..#
#...# #..# +...#
#..#### #...#
#.....###...#####
####............@..#
......########...T.#
......# #.....#
####..# #.....# #..#
......# +รท.#
#......#
#..#######......#
#...............#
####..........


You could see a troll.

Vanquished Creatures
  An unseen horror (D:10)
  An orc knight (Bailey)
  Pikel (D:8)
  An ugly thing (D:11)
  A cyclops (D:11)
  Joseph (D:7)
  A merfolk (D:9)
  3 trolls
  Prince Ribbit (D:8)
  3 hippogriffs
  2 yaks (D:11)
  Eustachio (D:6)
  Grum (D:8)
  A hungry ghost (D:9)
  Menkaure (D:7)
  A water moccasin (D:10)
  Edmund (D:6)
  Duvessa (D:6)
  4 orc warriors
  6 sky beasts
  2 ice beasts
  2 phantoms
  5 ogres
  2 wolves (D:8)
  6 centaurs
  A crocodile (D:7)
  A big kobold (D:9)
  7 bullfrogs
  A gnoll sergeant (D:8)
  A scorpion (D:10)
  Dowan (D:6)
  10 killer bees
  9 howler monkeys
  4 jellies
  5 crimson imps
  2 bullfrog zombies
  3 quasits
  A gnoll shaman (D:6)
  5 hounds
  5 orc priests
  3 bullfrog skeletons
  7 orc wizards
  An iguana (D:4)
  Ijyb (D:3)
  Terence (D:2)
  5 worker ants
  2 worker ant zombies
  12 gnolls
  5 adders
  An ooze (D:4)
  2 adder skeletons
  A dart slug (D:2)
  8 leopard geckos
  38 orcs
  6 bats
  5 giant cockroaches
  10 goblins
  5 hobgoblins
  4 jackals (D:6)
  3 quokkas
  A ball python (D:1)
  10 frilled lizards
  A giant cockroach zombie (D:5)
  A jackal skeleton (D:6)
  17 kobolds
  2 quokka skeletons
  10 rats
268 creatures vanquished.

Vanquished Creatures (collateral kills)
  A yak (D:11)
1 creature vanquished.

Vanquished Creatures (others)
  2 yaks (D:11)
  A plant (D:11)
3 creatures vanquished.

Grand Total: 272 creatures vanquished

Notes
Turn   | Place    | Note
-------+----------+-------------------------------------------
     0 | D:1      | Inarius the Felid Berserker began the quest for the Orb.
     0 | D:1      | Reached XP level 1. HP: 10/10 MP: 2/2
   548 | D:1      | Reached XP level 2. HP: 14/14 MP: 3/3
   710 | D:1      | Reached skill level 1 in Stealth
  1007 | D:2      | Found a white marble altar of Elyvilon.
  1105 | D:2      | Found a blossoming altar of Fedhas.
  1105 | D:2      | Found a stormy altar of Qazlal.
  1122 | D:2      | Noticed Terence
  1145 | D:2      | Killed Terence
  1145 | D:2      | Reached XP level 3. HP: 10/17 MP: 4/4
  1870 | D:2      | Reached XP level 4. HP: 19/22 MP: 5/5
  1949 | D:2      | Reached ** piety under Trog
  2206 | D:3      | Noticed Ijyb
  2283 | D:3      | Killed Ijyb
  2664 | D:3      | Found a shimmering altar of Xom.
  2807 | D:4      | Reached skill level 4 in Unarmed Combat
  2807 | D:4      | Reached XP level 5. HP: 25/25 MP: 6/6
  3086 | D:4      | Gained mutation: You are covered in thick fur. (AC +2)
                  | [Felid growth]
  3086 | D:4      | Reached XP level 6. HP: 17/28 MP: 7/7
  3091 | D:4      | Reached *** piety under Trog
  3383 | D:4      | Shot with an arrow by a centaur
  3384 | D:4      | Reached XP level 5. HP: -7/25 MP: 6/6
  3404 | D:4      | Killed a centaur
  3404 | D:4      | Reached skill level 5 in Dodging
  3404 | D:4      | Reached skill level 5 in Stealth
  3404 | D:4      | Reached skill level 1 in Evocations
  3548 | D:4      | Found a staircase to the Ecumenical Temple.
  3917 | D:4      | Reached XP level 6. HP: 24/28 MP: 6/8
  3942 | D:4      | Identified the +8 hand axe "Taxoafru" {chop, rC- MR+ MP+9}
  3951 | D:4      | Reached skill level 5 in Unarmed Combat
  4030 | D:5      | Entered Level 5 of the Dungeon
  4396 | D:5      | Reached XP level 7. HP: 31/33 MP: 9/9
  4769 | D:5      | Reached skill level 6 in Unarmed Combat
  5134 | D:6      | Slain by an ice beast
  5135 | D:6      | Reached XP level 6. HP: 0/30 MP: 9/9
  5153 | D:6      | Noticed Eustachio
  5165 | D:6      | Killed Eustachio
  5165 | D:6      | Reached skill level 5 in Fighting
  5165 | D:6      | Reached XP level 7. HP: 33/33 MP: 10/10
  5207 | D:6      | Noticed Edmund
  5212 | D:6      | Killed Edmund
  5217 | D:6      | Noticed Duvessa
  5217 | D:6      | Noticed Dowan
  5219 | D:6      | Killed Dowan
  5220 | D:6      | Killed Duvessa
  5220 | D:6      | Reached skill level 7 in Unarmed Combat
  5294 | D:6      | Reached XP level 8. HP: 18/37 MP: 11/11
  5448 | D:6      | Reached **** piety under Trog
  5475 | D:6      | Found a snail-covered altar of Cheibriados.
  5827 | D:6      | Found a sparkling altar of Nemelex Xobeh.
  6711 | D:7      | Found a transporter.
  6711 | D:7      | Noticed Menkaure
  6754 | D:7      | Reached skill level 8 in Unarmed Combat
  6830 | D:7      | Killed Menkaure
  7100 | D:7      | Noticed Joseph
  7113 | D:7      | Killed Joseph
  7113 | D:7      | Reached XP level 9. HP: 41/41 MP: 12/12
  7129 | D:7      | Found a shattered altar of Ashenzari.
  7130 | D:7      | Found a sacrificial altar of Ru.
  7131 | D:7      | Found a glowing silver altar of Zin.
  7131 | D:7      | Found a burning altar of Makhleb.
  7133 | D:7      | Found an ancient bone altar of Kikubaaqudgha.
  7133 | D:7      | Found an opulent altar of Gozag.
  7134 | D:7      | Found a bloodstained altar of Trog.
  7315 | D:7      | Found a transporter.
  7355 | D:8      | Noticed Pikel
  7372 | D:8      | Reached skill level 9 in Unarmed Combat
  7377 | D:8      | Killed Pikel
  7391 | D:8      | Found Isit Nubbo's Gadget Shop.
  7400 | D:8      | Bought a wand of acid (10) for 364 gold pieces
  7405 | D:8      | Found a white marble altar of Elyvilon.
  7534 | D:8      | Noticed Prince Ribbit
  7538 | D:8      | Killed Prince Ribbit
  7829 | D:8      | Noticed Grum
  7836 | D:8      | Killed Grum
  7836 | D:8      | Reached skill level 10 in Stealth
  8545 | D:9      | Reached skill level 10 in Unarmed Combat
  8545 | D:9      | Reached XP level 10. HP: 47/47 MP: 13/13
  9257 | D:9      | Identified the +2 robe of Baldness {rF+ Dex+2}
  9269 | D:8      | Reached ***** piety under Trog
 10112 | D:10     | Entered Level 10 of the Dungeon
 10122 | D:10     | Reached skill level 11 in Unarmed Combat
 10173 | D:10     | Found a flagged portal.
 10218 | Bailey   | Entered a bailey
 10398 | Bailey   | Gained mutation: Your body sometimes deteriorates upon
                  | taking damage. [potion of mutation]
 10398 | Bailey   | Gained mutation: You are agile. (Dex +2) [potion of
                  | mutation]
 10499 | Bailey   | Found an iron altar of Okawaru.
 10499 | Bailey   | Noticed an orc knight
 10515 | Bailey   | Killed an orc knight
 10685 | D:10     | Noticed an unseen horror
 10702 | D:10     | Killed an unseen horror
 10916 | D:10     | Reached XP level 11. HP: 51/51 MP: 15/15
 11173 | D:10     | Lost mutation: You are agile. (Dex +2) [potion of mutation]
 11173 | D:10     | Lost mutation: Your body sometimes deteriorates upon taking
                  | damage. [potion of mutation]
 11173 | D:10     | Gained mutation: Your system is resistant to poisons.
                  | (rPois) [potion of mutation]
 11173 | D:10     | Gained mutation: You are agile. (Dex +2) [potion of
                  | mutation]
 11194 | D:10     | Slain by an orc warrior
 11195 | D:10     | Reached XP level 10. HP: -5/48 MP: 14/14
 11369 | D:11     | Found a staircase to the Lair.
 11393 | D:11     | Noticed an oklob plant
 12035 | D:11     | Found a runed door.
 12036 | D:11     | Found a shimmering altar of Xom.
 12036 | D:11     | Noticed Calas's ghost (journeyman MiFi)
 12037 | D:11     | Noticed a +2 war axe of chaos
 12070 | D:11     | Noticed a cyclops
 12077 | D:11     | Killed a cyclops
 12149 | D:11     | Noticed a green ugly thing
 12156 | D:11     | Killed a green ugly thing
 12156 | D:11     | Reached skill level 12 in Unarmed Combat
 12163 | D:11     | Noticed a cyan ugly thing
 12271 | D:11     | Noticed a seven-headed hydra
 12293 | D:11     | Slain by a troll

Vault maps used:
D:1:      minmay_arrival_arboretum_small
D:2:      grunt_temple_overflow_forces_of_nature, elyvilon_altar_4,
          minmay_strange_pillars, uniq_terence
D:3:      overflow_temple_1_default, first_ration, hangedman_feature_mirror,
          uniq_ijyb
D:4:      minmay_temple_entry_mist, minmay_divided_ellipse
D:6:      marbit_many_paths, nicolae_overflow_crystal_walls, uniq_duvessa,
          uniq_edmund, uniq_eustachio
D:7:      gammafunk_the_bubble, grunt_temple_overflow_open, uniq_joseph,
          uniq_menkaure
D:8:      serial_shops, shop_fountains, basic_altar, uniq_pikel, uniq_grum,
          uniq_prince_ribbit1
D:9:      hangedman_fish_farm, minmay_increasing_density
D:10:     enter_bailey_2
D:11:     dpeg_oklobed_lair, david_orc_4, serial_shops, shop, ebering_ghost_xom
Bailey:   bailey_axe_3, bailey

Skill      XL: |  1  2  3  4  5  6  7  8  9 10 |
---------------+-------------------------------+-----
Stealth        | 2 3 5 7 8 10 11 | 11.4
Unarmed Combat | 4 5 7 8 10 12 | 12.0
Fighting       | 4 5 6 7 8 |  8.5
Dodging        | 5 6 7 9 |  9.1
Evocations     | 1 3 4 |  4.5

Action                   |  1- 3 |  4- 6 |  7- 9 | 10-12 || total
-------------------------+-------+-------+-------+-------++-------
Melee: Unarmed           |    64 |   227 |   240 |   265 ||   796
       Bite              |     4 |    19 |    27 |    18 ||    68
       Punch             |       |     4 |    10 |    13 ||    27
Invok: Berserk           |     1 |     1 |     2 |     1 ||     5
       Trog's Hand       |       |     1 |     2 |     2 ||     5
Evoke: Wand              |       |       |     9 |    26 ||    35
  Use: Scroll            |       |     4 |     2 |     3 ||     9
       Potion            |       |     5 |     1 |     7 ||    13
 Stab: Sleeping          |     6 |     8 |    12 |    11 ||    37
       Distracted        |     1 |     1 |       |     2 ||     4
  Eat: Chunk             |     9 |    13 |    15 |    17 ||    54
Armor: Skin              |     1 |    23 |     9 |    11 ||    44
Dodge: Dodged            |    46 |   226 |   190 |   341 ||   803

Table legend:
 A = Non-vault XP
 B = Vault XP
 C = Vault XP percentage of total XP
 D = Non-vault monster count
 E = Vault monster count
 F = Vault count percentage of total count
                 A         B        C        D         E       F
            +---------+---------+-------+---------+---------+-------
      Total |   10612 |    4626 |  30.4 |     224 |      45 |  16.7
            +---------+---------+-------+---------+---------+-------
        D:1 |      27 |       0 |   0.0 |      16 |       0 |   0.0
        D:2 |      51 |      36 |  41.4 |      16 |       1 |   5.9
        D:3 |      23 |      39 |  62.9 |      16 |       3 |  15.8
        D:4 |     292 |     229 |  44.0 |      14 |       7 |  33.3
        D:5 |     646 |       0 |   0.0 |      20 |       0 |   0.0
        D:6 |     735 |     564 |  43.4 |      28 |       5 |  15.2
        D:7 |     887 |     610 |  40.7 |      18 |       2 |  10.0
        D:8 |     621 |    1305 |  67.8 |      13 |       5 |  27.8
        D:9 |    1874 |     801 |  29.9 |      27 |       6 |  18.2
       D:10 |    3204 |       0 |   0.0 |      39 |       0 |   0.0
       D:11 |    2252 |       0 |   0.0 |      17 |       0 |   0.0
     Bailey |       0 |    1042 | 100.0 |       0 |      16 | 100.0
            +---------+---------+-------+---------+---------+-------
